 Dungeon Crawl Stone Soup version 0.28.0-45-g0d030f2227 (webtiles) character file.

Game seed: 5975598438646478363

17 MortyMaxwell the Magician (level 2, -1/21 HPs)
             Began as a Djinni Conjurer on Apr 12, 2022.
             Slain by a jackal (3 damage)
             ... on level 1 of the Dungeon.
             The game lasted 00:02:35 (576 turns).

MortyMaxwell the Magician (Djinni Conjurer)          Turns: 576, Time: 00:02:36

Health: -1/21      AC:  2    Str:  6    XL:     2   Next: 80%
Gold:   9          EV: 12    Int: 19    God:
                   SH:  0    Dex: 11

rFire   + + .      SeeInvis .   (no weapon)
rCold   x . .      Faith    .   (no shield)
rNeg    . . .      Spirit   .   a - +0 robe
rPois   ∞          Reflect  .   (no helmet)
rElec   .          Harm     .   (no cloak)
rCorr   .          Rampage  .   (no gloves)
Will    .....                   (boots unavailable)
Stlth   ++........              (no amulet)
HPRegen 0.07/turn               (no ring)
MPRegen 0.00/turn               (no ring)

@: mighty, attractive, flying
A: sickness immunity, fire resistance 2, cold vulnerability 1, float, innate
caster, HP casting, extra vitality 1
a: no special abilities


You were on level 1 of the Dungeon.
You visited 1 branch of the dungeon, and saw 1 of its levels.

You collected 9 gold pieces.

Inventory:

Missiles
 e - 14 bolts
Armour
 a - a +0 robe (worn)


   Skills:
 * Level 2.3 Dodging
 * Level 1.6 Stealth
 * Level 3.7 Spellcasting


You couldn't memorise any spells.
You knew the following spells:

 Your Spells              Type           Power      Damage    Failure   Level
a - Magic Dart            Conj           68%        1d6       3%          1
b - Searing Ray           Conj           34%        2d5       4%          2
c - Dazzling Flash        Conj/Hex       34%        N/A       10%         3
d - Fulminant Prism       Conj/Hex       8%         3d7       30%         4
e - Iskenderun's Mystic   Conj/Tloc      17%        2d5       30%         4
Your spell library was empty.

Dungeon Overview and Level Annotations

Branches:
Dungeon (1/15)

Altars:


Innate Abilities, Weirdness & Mutations

You are immune to sickness and miasma.
You are immune to poison.
Your flesh is very heat resistant. (rF++)
You are vulnerable to cold. (rC-)
You float through the air rather than walking.
You learn spells naturally, not from books.
Your magical power is your life essence.
You have superior vitality. (+4 MHP)


Message History

(Press . to maintain the ray.)
The searing ray misses the jackal.
You finish channelling your searing ray.
The jackal closely misses you. The jackal barely misses you.
Aiming: Searing Ray (safe; 4% risk of failure)
Press: ? - help, Q - select action, (/) - cycle Shift-Dir - straight line The searing ray hits the jackal.
The jackal is severely wounded. (Press . to maintain the ray.)
The jackal misses you.
The searing ray misses the jackal.
The jackal barely misses you. The jackal bites you.
The searing ray hits the jackal.
You kill the jackal!
The jackal barks!
The jackal bites you.
* * * LOW HITPOINT WARNING * * *
The jackal barely misses you.
It was a potion of attraction.
You feel attractive to monsters.
The jackal barks!
The jackal closely misses you. The jackal is attracted toward you.
It was a potion of might.
You feel very mighty all of a sudden. The jackal closely misses you.
The jackal barely misses you. The jackal is attracted toward you.
Really read the scroll of torment?
As you read the scroll of torment, it crumbles to dust.
Your body is wracked with pain!
* * * LOW HITPOINT WARNING * * *
The jackal convulses! x2; The jackal bites you.
* * * LOW HITPOINT WARNING * * *
The jackal bites you.
* * * LOW HITPOINT WARNING * * *
The jackal bites you but does no damage.
The jackal is attracted toward you.
The jackal bites you but does no damage.
The jackal is attracted toward you. The jackal bites you.
You die...

#..).....# #..÷.....#
#####........#
#.......#.#..#
#.......#.##.# ###
#.........##.###[.)..
#.......###..........#
#.......##.#...##...#.
#####@####..#..##..#..
#.hh#....#....#.$.
###..§....#..#....
###..##..##..##.
#..##..##..##.
#.....#..#....
#....#)...#...
#...#..##..#..
##.#...##...#)


You could see 2 jackals.

Vanquished Creatures
  A dart slug (D:1)
  3 ball pythons (D:1)
  2 endoplasms (D:1)
  A goblin (D:1)
  A hobgoblin (D:1)
  2 jackals (D:1)
  A quokka (D:1)
  2 kobolds (D:1)
13 creatures vanquished.

Notes
Turn   | Place    | Note
-------+----------+-------------------------------------------
     0 | D:1      | MortyMaxwell the Djinni Conjurer began the quest for the
                  | Orb.
     0 | D:1      | Reached XP level 1. HP: 15/15 MP: 0/0
   212 | D:1      | Reached XP level 2. HP: 13/21 MP: 0/0
   576 | D:1      | Slain by a jackal

Illustrated notes

Levels and vault maps discovered:
D:1:      minmay_arrival_semitransparent, layout_rooms, supply_closet_lemuel,
          minivault_26

Action                   || total
-------------------------++-------
 Cast: Magic Dart        ||    19
       Searing Ray       ||     6
  Use: Scroll            ||     2
       Potion            ||     2
Armor: Robe              ||     3
Dodge: Dodged            ||    11
